 Dungeon Crawl Stone Soup version 0.19-a0-944-gb338e1e (webtiles) character file.

115 Implojin the Ruffian (level 4, -2/44 HPs)
             Began as a Troll Fighter on July 9, 2016.
             Was an Initiate of Cheibriados.
             Slain by a centaur (3 damage)
             ... on level 5 of the Dungeon.
             The game lasted 00:03:27 (713 turns).

Implojin the Ruffian (Troll Fighter)                 Turns: 713, Time: 00:03:28

Health: -2/44      AC:  5    Str: 25    XL:     4   Next: 68%
Magic:  3/3        EV:  8    Int:  5    God:    Cheibriados [......]
Gold:   0          SH:  9    Dex: 11    Spells: 0 memorised, 3 levels left

rFire  . . .     SeeInvis .       - Unarmed
rCold  . . .     Gourm    +     a - +0 robe
rNeg   . . .     Faith    .     b - +0 shield
rPois  .         Spirit   .     (helmet restricted)
rElec  .         Dismiss  .     (no cloak)
rCorr  .         Reflect  .     (gloves unavailable)
SustAt .         Harm     .     (boots unavailable)
MR     .....                    (no amulet)
Stlth  +.........               (no ring)
                                (no ring)

@: slow, not resistant to hostile enchantments, very unstealthy
A: unfitting armour, claws 3, fast metabolism 3, gourmand, regeneration 2,
shaggy fur 1, tough skin 2
a: Bend Time, Renounce Religion


You were on level 5 of the Dungeon.
You worshipped Cheibriados.
Cheibriados was noncommittal.
You were full.

You visited 2 branches of the dungeon, and saw 6 of its levels.

Inventory:

Armour
 a - a +0 robe (worn)
 b - a +0 shield (worn)
Jewellery
 i - an uncursed ring of fire
Scrolls
 f - a scroll of blinking {unknown}
 h - a scroll of remove curse {unknown}
Potions
 c - a potion of might
 e - a potion of lignification {unknown}
 j - 2 potions of mutation {unknown}
 k - a potion of curing
 l - a potion of cure mutation {unknown}
 m - a potion of flight {unknown}
 n - a potion of degeneration {unknown}
Comestibles
 d - 5 bread rations
 g - a meat ration


   Skills:
 - Level 2.4 Fighting
 - Level 2.4 Dodging
 - Level 2.4 Shields
 * Level 5.0 Unarmed Combat


You had 3 spell levels left.
You didn't know any spells.

Dungeon Overview and Level Annotations

Branches:
Dungeon (5/15)             Temple (1/1) D:4

Altars:
Ashenzari
Cheibriados
Elyvilon
Fedhas
Gozag
Hepliaklqana
Kikubaaqudgha
Makhleb
Nemelex Xobeh
Qazlal
Ru
Sif Muna
Uskayaw
Vehumet
Xom
The Shining One


Innate Abilities, Weirdness & Mutations

You are too large for most types of armour.
You have claws for hands.
Your metabolism is lightning-fast.
You like to eat raw meat.
You heal very quickly.
You are covered in fur. (AC +1)
You have very tough skin. (AC +2)


Message History

The giant cockroach bites you but does no damage.
The centaur shouts!
The centaur wields a shortbow.
The centaur shoots an arrow.
The arrow hits you!
The centaur shoots an arrow.
You block the arrow.
You see here an arrow.
The centaur shoots an arrow.
The arrow hits you. You block the giant cockroach's attack.
You see here an arrow.
The centaur shoots an arrow.
The arrow hits you!
* * * LOW HITPOINT WARNING * * *
The centaur shoots an arrow.
The arrow hits you.
* * * LOW HITPOINT WARNING * * *
You see here 2 arrows.
The centaur shoots an arrow.
The arrow hits you!
* * * LOW HITPOINT WARNING * * *
The giant cockroach bites you.
* * * LOW HITPOINT WARNING * * *
The giant cockroach bites you but does no damage.
You see here an arrow.
You completely miss the centaur.
The centaur unwields an uncursed shortbow.
You block the centaur's attack.
The giant cockroach bites you but does no damage.
You scratch the centaur.
The centaur is lightly wounded.
The centaur hits you.
* * * LOW HITPOINT WARNING * * *
You block the giant cockroach's attack. The centaur hits you.
* * * LOW HITPOINT WARNING * * *
It was a potion of curing.
You feel better. The giant cockroach bites you.
* * * LOW HITPOINT WARNING * * *
The centaur hits you.
* * * LOW HITPOINT WARNING * * *
You claw the centaur!
The centaur is severely wounded.
The centaur hits you!
* * * LOW HITPOINT WARNING * * *
The giant cockroach bites you but does no damage.
The centaur hits you.
You die...

##.### ##..
#####..## ##.
##..###..## ##
#.....##..## #
##....>..##.#
##......(...#.#
#......(.....#.#
##.....(s......#..
#......@......##
.. #......c......#
. ..............#
..............#
..............#
.............##
.............#
............##


You could see a centaur and a giant cockroach.

Vanquished Creatures
  3 worker ants
  An adder (D:3)
  2 worms
  A giant gecko (D:2)
  An orc (D:4)
  5 goblins
  3 hobgoblins (D:2)
  5 jackals
  A ball python (D:1)
  A bat (D:1)
  A giant newt (D:2)
  A kobold (D:3)
  3 rats
28 creatures vanquished.

Notes
Turn   | Place    | Note
-------+----------+-------------------------------------------
     0 | D:1      | Implojin the Troll Fighter began the quest for the Orb.
     0 | D:1      | Reached XP level 1. HP: 22/22 MP: 0/0
    90 | D:1      | Reached XP level 2. HP: 19/29 MP: 1/1
   139 | D:2      | Reached skill level 3 in Unarmed Combat
   298 | D:3      | Reached XP level 3. HP: 36/36 MP: 2/2
   348 | D:4      | Reached skill level 4 in Unarmed Combat
   380 | D:4      | Found a staircase to the Ecumenical Temple.
   390 | Temple   | Entered the Ecumenical Temple
   476 | Temple   | Became a worshipper of Cheibriados the Contemplative
   521 | D:5      | Entered Level 5 of the Dungeon
   614 | D:5      | Reached XP level 4. HP: 32/44 MP: 3/3
   629 | D:5      | Reached skill level 5 in Unarmed Combat
   704 | D:5      | Noticed a centaur
   711 | D:5      | HP: 2/44 [centaur (1)]
   713 | D:5      | Slain by a centaur

Vault maps used:
D:1:      moated_graveyard_arrival
D:2:      ecumenical_altar_1, roderic_lattice_a
D:3:      grunt_decor_arrowhead, uniq_robin, uniq_grinder
D:4:      kennysheep_okawaru_gauntlet, uniq_menkaure
D:5:      first_bread, nicolae_gozag_zags_fifth_avenue
Temple:   eino_temple_rhombus

Skill      XL: |  1  2  3  4 |
---------------+-------------+-----
Unarmed Combat | 3 4 5 |  5.0
Fighting       | |  2.4
Dodging        | |  2.4
Shields        | |  2.4

Action                   |  1- 3 |  4- 6 || total
-------------------------+-------+-------++-------
Melee: Unarmed           |    82 |     4 ||    86
  Use: Potion            |       |     1 ||     1
  Eat: Chunk             |     6 |     3 ||     9
Armor: Robe              |    33 |     4 ||    37
Dodge: Dodged            |    36 |       ||    36
Block: Shield            |    35 |     5 ||    40

Table legend:
 A = Turns spent in this place as a percentage of turns spent in the entire game.
 B = Non-inter-level travel turns spent in this place as a percentage of non-inter-level travel turns spent in the entire game.
 C = Inter-level travel turns spent in this place as a percentage of turns spent in this place.
 D = Turns resting spent in this place as a percentage of non-inter-level travel turns spent in this place.
 E = Turns spent auto-exploring this place as a percentage of non-inter-level travel turns spent in this place.
 F = Non-inter-level travel turns spent in this place divided by the number of levels of this place that you've seen.
                   A       B       C       D       E      F
               +-------+-------+-------+-------+-------+----------------------
         Total | 100.0 | 100.0 |   0.0 |   0.0 |   0.0 | 117.2
       Dungeon |  83.9 |  83.9 |   0.0 |   0.0 |   0.0 | 118.0
        Temple |  16.1 |  16.1 |   0.0 |   0.0 |   0.0 | 113.0
               +-------+-------+-------+-------+-------+----------------------

Table legend:
 A = Kills in this place as a percentage of kills in entire the game.
 B = Kills by you in this place as a percentage of kills by you in the entire game.
 C = Kills by friends in this place as a percentage of kills by friends in the entire game.
 D = Other kills in this place as a percentage of other kills in the entire game.
 E = Experience gained in this place as a percentage of experience gained in the entire game.
 F = Experience gained in this place divided by the number of levels of this place that you have seen.
                   A       B       C       D       E      F
               +-------+-------+-------+-------+-------+----------------------
         Total | 100.0 | 100.0 |  -nan |  -nan | 100.0 |  27.5
       Dungeon | 100.0 | 100.0 |  -nan |  -nan | 100.0 |  33.0
               +-------+-------+-------+-------+-------+----------------------
